AoeStats
← Hotzenplotz1942

Arena

508929045Analyzed
2v2 RM · 8d ago on Sep 24, 2026· 57m 9s· 4 players
Game mode
Random Map
Map size
Medium (4 player)
Population
200
Speed
Normal
Resources
Standard
Victory
Conquest
Starting age
Dark Age
Ending age
Imperial Age
RankedLock teamsTeams togetherTeam positionsShared explorationLock speedFull tech treeHidden civsTurbo modeCheats
Victory
Defeat
🇺🇦 Sicilians · Ukraine
789
+18
🇹🇷 Britons · Türkiye
780
+19
🇩🇪 Khmer · Germany
842
-18
🇩🇪 Teutons · Germany
842
-19
LiL Dogga
0:39 Loom
0:42 Loom
11:33 Feudal Age
12:52 Wheelbarrow
12:04 Town Watch
12:02 Horse Collar
12:12 Double-Bit Axe
18:48 Castle Age
19:54 Heavy Plow
20:08 Bow Saw
24:24 Pikeman
26:12 Gold Mining
28:04 Hand Cart
28:55 Forging
30:41 Gold Shaft Mining
34:08 Imperial Age
32:01 Scale Mail Armor
32:16 Squires
33:44 Ballistics
33:30 Stone Mining
34:22 Fletching
35:59 Chemistry
34:59 Bodkin Arrow
36:06 Crop Rotation
36:38 Iron Casting
36:23 Halberdier
38:09 Halberdier
39:58 Chain Mail Armor
40:37 Onager
43:38 Blast Furnace
43:29 Plate Mail Armor
44:13 Conscription
44:31 Siege Engineers
45:13 Arson
44:55 Siege Onager
46:01 Town Patrol
48:34 Bracer
54:29 Hoardings
56:56 Elite Serjeant
MSN>CBB
0:33 Loom
10:21 Feudal Age
11:37 Wheelbarrow
10:54 Double-Bit Axe
10:52 Horse Collar
13:52 Man-at-Arms
20:47 Castle Age
18:52 Stone Mining
19:09 Gold Mining
20:09 Forging
22:55 Gold Shaft Mining
22:34 Bow Saw
23:27 Long Swordsman
26:14 Caravan
27:40 Gambesons
29:24 Hand Cart
30:16 Pikeman
31:49 Fletching
32:02 Scale Mail Armor
32:03 Padded Archer Armor
37:27 Imperial Age
36:42 Squires
37:58 Heavy Plow
38:31 Husbandry
37:51 Cavalier
37:56 Two-Handed Swordsman
38:00 Halberdier
40:23 Chemistry
41:02 Heavy Scorpion
44:28 Leather Archer Armor
44:09 Bodkin Arrow
45:35 Two-Man Saw
45:30 Masonry
45:41 Ballistics
45:27 Siege Engineers
47:29 Hoardings
46:15 Elite Longbowman
48:24 Iron Casting
47:55 Scale Barding Armor
48:04 Light Cavalry
49:17 Conscription
49:51 Champion
51:02 Bracer
51:20 Chain Mail Armor
53:24 Ring Archer Armor
53:54 Blast Furnace
53:25 Plate Mail Armor
54:56 Warwolf
55:16 Yeomen
Hotzenplotz1942
13:05 Feudal Age
14:18 Double-Bit Axe
18:03 Man-at-Arms
20:49 Castle Age
23:49 Wheelbarrow
24:25 Stone Mining
26:38 Caravan
29:11 Hand Cart
29:29 Pikeman
30:37 Fletching
30:51 Scale Mail Armor
31:02 Forging
30:45 Long Swordsman
31:10 Gambesons
33:14 Horse Collar
35:00 Heavy Plow
35:49 Bow Saw
38:37 Bloodlines
46:03 Imperial Age
47:34 Elite Teutonic Knight
50:29 Onager
57:00 Two-Man Saw
Cosmopor
10:21 Loom
12:07 Feudal Age
16:04 Castle Age
17:48 Bloodlines
20:09 Forging
22:00 Loom
29:53 Imperial Age
27:54 Horse Collar
28:06 Double-Bit Axe
28:58 Fletching
31:00 Ballistics
31:34 Wheelbarrow
31:46 Wheelbarrow
32:47 Conscription
34:17 Siege Engineers
34:21 Scale Barding Armor
34:33 Hand Cart
34:24 Heavy Plow
34:16 Gold Mining
35:42 Crop Rotation
40:31 Cavalier
41:18 Husbandry
41:55 Iron Casting
41:40 Chain Barding Armor
44:39 Elite Ballista Elephant
45:20 Double Crossbow
47:36 Blast Furnace
53:05 Onager
54:51 Chemistry
Connection lost

Rejoining the realm…

Still unreachable

The connection could not be restored.

Session expired

The server has moved on; the page needs a fresh start.